AoeStats
← HandledLeader97

Arena

509659530Analyzed
2v2 RM · 4d ago on Sep 27, 2026· 45m 5s· 4 players
Game mode
Random Map
Map size
Medium (4 player)
Population
200
Speed
Normal
Resources
Standard
Victory
Conquest
Starting age
Dark Age
Ending age
Imperial Age
RankedLock teamsTeams togetherTeam positionsShared explorationLock speedFull tech treeHidden civsTurbo modeCheats
Victory
Defeat
🇧🇷 Malians · Brazil
1191
+14
🇺🇸 Khmer · United States
1181
+14
🇺🇸 Gurjaras · United States
1152
-14
🇺🇸 Saxons · United States
1150
-14
HandledLeader97
10:58 Feudal Age
15:03 Castle Age
13:48 Double-Bit Axe
20:23 Loom
22:50 Wheelbarrow
22:40 Bow Saw
22:16 Horse Collar
25:04 Redemption
29:53 Sanctity
35:07 Imperial Age
33:25 Bloodlines
33:56 Heavy Plow
34:13 Hand Cart
34:26 Forging
34:28 Scale Barding Armor
35:08 Kshatriyas
37:21 Heavy Camel Rider
41:17 Iron Casting
41:07 Gold Mining
41:52 Frontier Guards
42:39 Chemistry
42:43 Chain Barding Armor
44:09 Plate Barding Armor
[EDF] Yummy Buffet
11:45 Feudal Age
11:00 Loom
12:29 Double-Bit Axe
12:26 Horse Collar
17:28 Castle Age
16:40 Gold Mining
19:36 Bow Saw
20:06 Heavy Plow
20:55 Town Watch
23:33 Squires
24:19 Forging
25:09 Wheelbarrow
25:22 Scale Mail Armor
25:30 Stone Mining
27:03 Town Patrol
28:06 Iron Casting
28:08 Sanctity
28:53 Hand Cart
29:29 Clerical Recruitment
30:37 Chain Mail Armor
30:41 Masonry
31:34 Ballistics
34:25 Imperial Age
32:26 Treadmill Crane
35:00 Gambesons
34:36 Man-at-Arms
36:15 Conscription
36:26 Plate Mail Armor
36:06 Siege Engineers
36:51 Elite Varangian Guard
39:20 Guilds
38:34 Shield Wall
41:14 Chemistry
40:47 Architecture
40:52 Elite Hearth Troop
42:24 Cranequins
42:25 Heavy Mounted Crossbowman
45:12 Padded Archer Armor
45:06 Fletching
GaloDoido
10:39 Feudal Age
11:43 Double-Bit Axe
14:39 Castle Age
16:48 Bow Saw
20:37 Loom
20:38 Town Watch
21:05 Horse Collar
24:53 Gold Mining
26:33 Treadmill Crane
27:35 Wheelbarrow
29:34 Imperial Age
29:35 Wheelbarrow
30:20 Gold Shaft Mining
30:18 Husbandry
30:29 Bloodlines
29:39 Light Cavalry
31:28 Chemistry
30:39 Scale Barding Armor
31:22 Conscription
31:41 Farimba
32:05 Squires
32:51 Chain Barding Armor
33:15 Fortified Wall
33:26 Ballistics
33:36 Forging
35:10 Plate Barding Armor
35:13 Iron Casting
35:15 Padded Archer Armor
39:55 Leather Archer Armor
42:38 Ring Archer Armor
43:02 Hoardings
Agency
9:58 Feudal Age
11:51 Loom
14:30 Castle Age
13:02 Stone Mining
12:59 Double-Bit Axe
21:55 Gold Mining
34:24 Imperial Age
36:45 Wheelbarrow
35:55 Town Watch
35:55 Light Cavalry
37:24 Bloodlines
38:12 Husbandry
38:55 Forging
39:37 Heavy Scorpion
41:59 Bow Saw
42:48 Hand Cart
42:34 Town Patrol
43:36 Gold Shaft Mining
44:04 Chemistry
44:26 Siege Engineers
45:10 Ballistics
Connection lost

Rejoining the realm…

Still unreachable

The connection could not be restored.

Session expired

The server has moved on; the page needs a fresh start.